 Dungeon Crawl Stone Soup version 0.30-a0-629-gd54f4be4f7 (webtiles) character file.

Game seed: 14126804772889007409

630 IdlyInterested the Chopper (level 7, -1/55 HPs)
             Began as a Demonspawn Gladiator on Jan 12, 2023.
             Slain by a gnoll
             ... wielding a +0 halberd
             ... led by a gnoll sergeant
              (5 damage)
             ... on level 4 of the Dungeon.
             The game lasted 00:09:40 (2737 turns).

IdlyInterested the Chopper (Demonspawn Gladiator)   Turns: 2737, Time: 00:09:41

Health: -1/55      AC: 11    Str: 16    XL:     7   Next: 24%
Magic:  7/7        EV:  5    Int: 10    God:
Gold:   194        SH:  0    Dex: 14    Spells: 6/6 levels left

rFire   . . .      SeeInvis .    l - +2 broad axe (flame)
rCold   . . .      Faith    .    (no shield)
rNeg    . . .      Spirit   .    t - +1 plate armour
rPois   .          Reflect  .    (helmet restricted)
rElec   .          Harm     .    (no cloak)
rCorr   .          Rampage  .    (no gloves)
Will    +....                    (no boots) Stlth
                                 (no amulet)
HPRegen 0.29/turn                b - ring of willpower
MPRegen 0.10/turn                (no ring)

@: mighty
A: horns 2, ignite blood 1, demonic magic 1
a: no special abilities


You were on level 4 of the Dungeon.
You visited 1 branch of the dungeon, and saw 4 of its levels.
You also visited: Sewer.

You collected 194 gold pieces.

Inventory:

Hand Weapons
 a - a +1 war axe
 l - a +2 broad axe of flaming (weapon)
Missiles
 d - 3 throwing nets
 e - a javelin
 j - 21 stones (quivered)
 q - 16 poisoned darts
Armour
 t - a +1 plate armour (worn)
Jewellery
 b - a ring of willpower (left hand)
Scrolls
 i - a scroll of enchant armour
 k - a scroll of magic mapping
 n - a scroll of identify
Potions
 c - a potion of attraction
 g - a potion of brilliance
 m - 2 potions of invisibility
 o - a potion of curing
 w - a potion of magic


   Skills:
 * Level 4.9 Fighting
 + Level 5.6 Axes
 - Level 2.0 Throwing
 * Level 1.3 Armour
 - Level 3.0 Dodging
 - Level 2.0 Stealth


You had 6 spell levels left.
You didn't know any spells.
Your spell library was empty.

Dungeon Overview and Level Annotations

Branches:
Dungeon (4/15)              Sewer (visited)
 Temple: D:4-7

Altars:
Uskayaw


Innate Abilities, Weirdness & Mutations

You have a pair of horns on your head.
Your demonic aura sometimes causes spilled blood to erupt in flames.
Spells you cast may paralyse adjacent enemies.


Message History

The gnoll hits you from afar with a +0 halberd!
The black bear bites you.
The black bear claws you but does no damage.
The black bear claws you. The orc hits you but does no damage.
You hit the black bear. You burn the black bear.
The black bear is heavily wounded.
You completely miss the orc.
The gnoll hits you from afar with a +0 spear.
The black bear is engulfed in blazing flames.
You kill the black bear!
The orc hits you but does no damage.
The gnoll hits you from afar with a +0 halberd.
* * * LOW HITPOINT WARNING * * *
The gnoll hits you but does no damage.
The gnoll hits you from afar with a +0 halberd!
* * * LOW HITPOINT WARNING * * *
The orc hits you but does no damage.
Your Armour skill increases to level 1!
You feel much better. The orc hits you with a +0 dagger.
The gnoll hits you but does no damage.
The gnoll hits you from afar with a +0 halberd.
The gnoll barely misses you. The gnoll hits you but does no damage.
The orc barely misses you. The gnoll hits you but does no damage.
The gnoll hits you with a +0 halberd!
* * * LOW HITPOINT WARNING * * *
There is an open door, spattered with blood here.
Items here: )) [[ ††.
You hit the gnoll. You burn the gnoll.
The gnoll is heavily wounded.
You hit the gnoll. You burn the gnoll. You hit the gnoll but do no damage.
You slash the orc! You burn the orc.
You kill the orc!
The gnoll hits you but does no damage. The gnoll barely misses you.
The gnoll hits you with a +0 spear.
* * * LOW HITPOINT WARNING * * *
The gnoll hits you from afar with a +0 halberd!
* * * LOW HITPOINT WARNING * * *
You feel very mighty all of a sudden. The gnoll hits you with a +0 halberd.
You die...

#.!.. #....
+... ##+####...
>........###+#
.........#...#
.........#.g.#
......)..'ggg#
.......go##@##
.......###.).##
.......#......#
.......#......#
.......#......#
.......#......#
...$...#...####
##.....#...#
#...#


You could see 4 gnolls.

Vanquished Creatures
  A black bear (D:4)
  An ogre (D:4)
  A gnoll sergeant (D:4)
  2 bullfrogs (Sewer)
  Terence (D:2)
  3 gnolls (D:3)
  6 adders
  5 river rats (Sewer)
  An ufetubus (D:4)
  2 dart slugs (D:1)
  3 orcs (D:4)
  8 endoplasms
  5 giant cockroaches
  6 goblins
  3 hobgoblins
  7 jackals
  2 quokkas (D:1)
  13 ball pythons
  10 frilled lizards
  8 kobolds
  27 rats
115 creatures vanquished.

Notes
Turn   | Place    | Note
-------+----------+-------------------------------------------
     0 | D:1      | IdlyInterested the Demonspawn Gladiator began the quest for
                  | the Orb.
     0 | D:1      | Reached XP level 1. HP: 16/16 MP: 1/1
   161 | D:1      | Reached skill level 3 in Axes
   161 | D:1      | Gained mutation: Your demonic aura sometimes causes spilled
                  | blood to erupt in flames. [demonic ancestry]
   161 | D:1      | Reached XP level 2. HP: 22/22 MP: 2/2
   517 | D:1      | Gained mutation: You have a pair of small horns on your
                  | head. [demonic ancestry]
   517 | D:1      | Reached XP level 3. HP: 28/28 MP: 3/3
   726 | D:2      | Reached skill level 1 in Stealth
   861 | D:2      | Found a hide-covered altar of Uskayaw.
  1026 | D:2      | Noticed Terence
  1048 | D:2      | Killed Terence
  1049 | D:2      | Reached XP level 4. HP: 34/34 MP: 4/4
  1253 | D:3      | Found a glowing drain.
  1258 | Sewer    | Entered a sewer
  1358 | Sewer    | Reached skill level 4 in Axes
  1620 | Sewer    | Gained mutation: You have a pair of horns on your head.
                  | [demonic ancestry]
  1620 | Sewer    | Reached XP level 5. HP: 41/41 MP: 5/5
  1926 | Sewer    | Reached XP level 6. HP: 19/48 MP: 6/6
  1929 | Sewer    | Reached skill level 5 in Axes
  2061 | D:3      | Identified a scroll of acquirement
  2061 | D:3      | Acquired a +1 broad axe of flaming
  2449 | D:3      | Identified the +11 falchion of the Land of Plenty {heavy,
                  | *Rage +Blink Int+4}
  2730 | D:4      | Gained mutation: Spells you cast may paralyse adjacent
                  | enemies. [demonic ancestry]
  2730 | D:4      | Reached XP level 7. HP: 21/55 MP: 7/7
  2734 | D:4      | Reached skill level 1 in Armour
  2737 | D:4      | Slain by a gnoll

Illustrated notes

Levels and vault maps discovered:
D:1:      dpeg_arrival_shelter, layout_basic, serial_park_tiny_1,
          hangedman_feature_mirror
D:2:      minmay_kobold_bridge, layout_rooms, basic_altar, minivault_5,
          minmay_liquid_box, uniq_terence
D:3:      layout_rooms, portal_sewer_entry_e
D:4:      layout_gridville, grunt_ashenzari_visionary
          [grunt_ashenzari_visionary_swamp, grunt_ashenzari_visionary_spider],
          minmay_temple_entry_grid, gammafunk_ghost_arena

Skill      XL: |  1  2  3  4  5  6  7 |
---------------+----------------------+-----
Axes           | 3 4 5 |  5.6
Throwing       | 2 |  2.0
Stealth        | 1 2 |  2.0
Fighting       | 3 4 |  4.9
Dodging        | 3 |  3.0
Armour         | 1 |  1.3

Action                   |  1- 3 |  4- 6 |  7- 9 || total
-------------------------+-------+-------+-------++-------
Melee: War axe           |   110 |   107 |       ||   217
       Headbutt          |     7 |    16 |     1 ||    24
       Punch             |     1 |     1 |       ||     2
       Broad axe         |       |    28 |     4 ||    32
  Use: Potion            |     2 |     5 |     3 ||    10
       Scroll            |     1 |    16 |       ||    17
Armor: Chain mail        |    70 |    38 |       ||   108
       Leather armour    |     3 |       |       ||     3
       Plate armour      |       |   105 |    12 ||   117
Dodge: Dodged            |    38 |    72 |     4 ||   114

Table legend: (Time is in decaauts)
 A = Elapsed time spent in this place.
 B = Non-inter-level travel time spent in this place.
 C = Inter-level travel time spent in this place.
 D = Time resting spent in this place.
 E = Time spent auto-exploring this place.
 F = Levels seen in this place.
 G = Mean time per level.
                   A        B        C        D        E       F      G
               +--------+--------+--------+--------+--------+-----+--------+
         Total |   2852 |   2579 |    273 |    665 |    951 |   5 |  570.4 |
       Dungeon |   1999 |   1726 |    273 |    149 |    887 |   4 |  499.8 |
         Sewer |    853 |    853 |      0 |    516 |     64 |   1 |  853.0 |
               +--------+--------+--------+--------+--------+-----+--------+

Top non-repeatable levels by time:
   Sewer: 853 daAuts
     D:1: 685 daAuts
     D:3: 642 daAuts
     D:2: 609 daAuts
     D:4: 61 daAuts
